 Dungeon Crawl Stone Soup version 0.25-a0-404-gc1b5a34292 (webtiles) character file.

Game seed: 2981060964237507488, levelgen mode: deterministic

1250 Axl the Digger (level 8, -1/41 HPs)
             Began as a Gargoyle Earth Elementalist on Jan 10, 2020.
             Slain by a wight
             ... wielding a +0 battleaxe
              (10 damage)
             ... on level 6 of the Dungeon.
             The game lasted 00:14:43 (4957 turns).

Axl the Digger (Gargoyle Earth Elementalist)        Turns: 4957, Time: 00:14:44

Health: -1/41      AC:  7    Str: 14    XL:     8   Next: 50%
Magic:  5/16       EV: 12    Int: 23    God:
Gold:   236        SH:  0    Dex: 10    Spells: 7/18 levels left

rFire    . . .     SeeInvis .   n - +1 flail
rCold    . . .     Gourm    .   (no shield)
rNeg     + . .     Faith    .   c - +0 robe
rPois    ∞         Spirit   .   (no helmet)
rElec    +         Reflect  .   l - scarf {repulsion}
rCorr    .         Harm     .   (no gloves)
MR       .....                  (no boots)
Stlth    ++........             (no amulet)
HPRegen  0.13/turn              j - +5 ring of intelligence
MPRegen  0.15/turn              u - +2 ring of strength

@: repel missiles
A: negative energy resistance 1, electricity resistance, unbreathing,
petrification resistance, rot immunity, AC +5
a: no special abilities


You were on level 6 of the Dungeon.
You were hungry.

You visited 1 branch of the dungeon, and saw 7 of its levels.

You collected 236 gold pieces.

Inventory:

Hand Weapons
 h - a +0 club
 n - a +1 flail (weapon)
 w - a cursed +0 mace
Missiles
 b - 12 stones (quivered)
Armour
 c - a +0 robe (worn)
 l - a scarf of repulsion (worn)
Jewellery
 j - a +5 ring of intelligence (left hand)
 r - an uncursed ring of fire
 u - a +2 ring of strength (right hand)
Scrolls
 e - a scroll of blinking
 g - 3 scrolls of amnesia
 q - 2 scrolls of enchant weapon
 t - 2 scrolls of identify
 x - 2 scrolls of fear
Potions
 a - 6 potions of curing
 f - a potion of invisibility
 i - a potion of flight
 k - a potion of magic
 m - a potion of cancellation
 o - 3 potions of agility
 p - a potion of lignification
 s - 2 potions of haste
Comestibles
 d - 13 rations
 v - 4 chunks of flesh


   Skills:
 - Level 1.5 Dodging
 - Level 2.1 Stealth
 + Level 5.7 Spellcasting
 + Level 5.8 Conjurations
 - Level 0.7 Transmutations
 + Level 7.9 Earth Magic


You had 7 spell levels left.
You knew the following spells:

 Your Spells              Type           Power        Failure   Level  Hunger
a - Sandblast             Erth           #####.       1%          1    None
b - Stone Arrow           Conj/Erth      #####.       1%          3    #......
c - Lee's Rapid Deconstr  Erth           #####.....   10%         5    #####..
d - Passwall              Tmut/Erth      ####....     2%          2    None

Your spell library contained the following spells:

 Spells                   Type           Power        Failure   Level  Hunger
 Animate Skeleton         Necr           N/A          9%          1    None
 Apportation              Tloc           #.....       9%          1    None
 Corona                   Hex            #......      9%          1    None
 Summon Small Mammal      Summ           #...         9%          1    None
 Petrify                  Tmut/Erth      ####....     14%         4    ###....


Dungeon Overview and Level Annotations

Branches:
Dungeon (7/15)
 Temple: D:4-7

Altars:


Innate Abilities, Weirdness & Mutations

You are resistant to torment.
Your stone body is resilient. (AC +5)
You are immune to poison.
You resist negative energy. (rN+)
You are resistant to electric shocks. (rElec)
You can survive without breathing.
You are immune to petrification.
You are immune to rotting.


Message History

The wight barely misses you.
Casting: Sandblast (safe; 1% risk of failure)
Confirm with . or Enter, or press ? or * to list all spells.
Aiming: Sandblast (safe; 1% risk of failure)
Press: ? - help, Shift-Dir - straight line, f/p - wight
Aim: a wight, wielding a +3 flail and wearing a +0 robe (almost destroyed)
The blast of sand hits the wight but does no damage.
The wight is almost destroyed.
b - 13 stones The wight hits you but does no damage.
Casting: Sandblast (safe; 1% risk of failure)
Confirm with . or Enter, or press ? or * to list all spells.
Aiming: Sandblast (safe; 1% risk of failure)
Press: ? - help, Shift-Dir - straight line, f/p - wight
Aim: a wight, wielding a +3 flail and wearing a +0 robe (almost destroyed)
The blast of sand hits the wight!
You destroy the wight!
b - 12 stones The wight hits you with a +0 battleaxe!
You die...

≈≈P...###
≈≈..)...#
.≈..#...# Z
#...# .
#...# ..
#...# #'#
#...# ...#.
#...#......
#..@)......
####z......
.......
.......
#######


You could see a wight.

Vanquished Creatures
  Grinder (D:4)
  A sky beast (D:6)
  A bullfrog (D:7)
  A wyvern zombie (D:6)
  A scorpion (D:4)
  4 killer bees (D:5)
  A wight (D:6)
  A howler monkey (D:6)
  A bullfrog zombie (D:6)
  A jelly (D:6)
  5 orc priests
  An orc wizard (D:5)
  A centaur skeleton (D:6)
  3 worker ants
  2 hound skeletons
  A hound zombie (D:5)
  A howler monkey zombie (D:5)
  3 gnolls (D:2)
  3 adders
  3 adder zombies
  2 worms (D:2)
  5 dart slugs
  5 leopard geckos
  9 orcs
  5 giant cockroaches
  5 goblins
  4 hobgoblins
  5 jackals (D:3)
  2 kobolds
  A quokka (D:5)
  3 ball pythons
  4 bats
  4 frilled lizards
  A jackal skeleton (D:6)
  A quokka skeleton (D:5)
  7 rats
99 creatures vanquished.

Notes
Turn   | Place    | Note
-------+----------+-------------------------------------------
     0 | D:1      | Axl the Gargoyle Earth Elementalist began the quest for the
                  | Orb.
     0 | D:1      | Reached XP level 1. HP: 10/10 MP: 3/3
   386 | D:1      | Reached XP level 2. HP: 15/15 MP: 5/5
   446 | D:1      | Reached skill level 4 in Earth Magic
   879 | D:2      | Reached XP level 3. HP: 19/19 MP: 1/7
   964 | D:1      | Learned a level 3 spell: Stone Arrow
  1168 | D:2      | Reached skill level 1 in Conjurations
  1272 | D:2      | Reached XP level 4. HP: 22/24 MP: 3/8
  1785 | D:3      | Reached skill level 5 in Earth Magic
  2186 | D:3      | Reached XP level 5. HP: 28/28 MP: 7/9
  2195 | D:3      | Learned a level 5 spell: Lee's Rapid Deconstruction
  3368 | D:4      | Learned a level 2 spell: Passwall
  3563 | D:4      | Reached XP level 6. HP: 22/32 MP: 7/11
  3634 | D:4      | Noticed Grinder
  3645 | D:4      | Killed Grinder
  3645 | D:4      | Reached skill level 6 in Earth Magic
  3713 | D:4      | Reached XP level 7. HP: 31/36 MP: 13/13
  3993 | D:5      | Entered Level 5 of the Dungeon
  4370 | D:5      | Reached skill level 7 in Earth Magic
  4512 | D:5      | Reached skill level 5 in Spellcasting
  4518 | D:5      | Reached XP level 8. HP: 28/41 MP: 0/15
  4753 | D:5      | Reached skill level 5 in Conjurations
  4813 | D:5      | You fall into a shaft and drop 2 floors!
  4957 | D:6      | Slain by a wight

Levels and vault maps discovered:
D:1:      minmay_arrival_plants_in_alcoves, layout_loops_ring
D:2:      layout_basic, due_unseen_surprise
D:3:      layout_basic, serial_bayou_pond_d
D:4:      layout_cave_pools, first_ration, uniq_grinder
D:5:      layout_basic
D:6:      layout_basic, minmay_temple_entry_wispy, serial_undead,
          serial_undead_f, serial_undead_a, serial_undead_a, serial_undead_f,
          serial_undead_b, serial_undead_d, uniq_sigmund
D:7:      kennysheep_slugbush, layout_basic, serial_shops,
          nicolae_shop_window_shopping

Skill      XL: |  1  2  3  4  5  6  7  8 |
---------------+-------------------------+-----
Earth Magic    | 4 5 6 7 |  7.9
Conjurations   | 1 2 3 4 5 |  5.8
Spellcasting   | 3 4 5 |  5.7
Dodging        | |  1.5
Stealth        | |  2.1
Transmutations | |  0.7

Action                   |  1- 3 |  4- 6 |  7- 9 || total
-------------------------+-------+-------+-------++-------
Melee: Unarmed           |    38 |       |       ||    38
       Club              |    20 |    81 |       ||   101
       Flail             |       |    61 |   104 ||   165
 Cast: Sandblast         |    23 |    39 |    26 ||    88
       Stone Arrow       |       |     1 |       ||     1
       Passwall          |       |     2 |       ||     2
       Lee's Rapid Decon |       |       |     4 ||     4
  Use: Scroll            |       |    20 |     1 ||    21
 Stab: Sleeping          |     3 |       |     2 ||     5
       Distracted        |       |     1 |       ||     1
  Eat: Chunk             |     1 |     8 |     5 ||    14
Armor: Robe              |    27 |    63 |    67 ||   157
Dodge: Dodged            |    60 |   156 |   103 ||   319
       Deflected         |       |     2 |       ||     2

Table legend:
 A = Non-vault XP
 B = Vault XP
 C = Vault XP percentage of total XP
 D = Non-vault monster count
 E = Vault monster count
 F = Vault count percentage of total count
                 A         B        C        D         E       F
            +---------+---------+-------+---------+---------+-------
      Total |    1345 |     442 |  24.7 |      93 |       6 |   6.1
            +---------+---------+-------+---------+---------+-------
        D:1 |      22 |       0 |   0.0 |      12 |       0 |   0.0
        D:2 |      83 |       0 |   0.0 |      21 |       0 |   0.0
        D:3 |     201 |       0 |   0.0 |      30 |       0 |   0.0
        D:4 |     166 |     272 |  62.1 |       7 |       1 |  12.5
        D:5 |     509 |       0 |   0.0 |      18 |       0 |   0.0
        D:6 |     276 |     170 |  38.1 |       4 |       5 |  55.6
        D:7 |      88 |       0 |   0.0 |       1 |       0 |   0.0
            +---------+---------+-------+---------+---------+-------
